 Dungeon Crawl Stone Soup version 0.28-a0-828-g0121872642 (webtiles) character file.

Game seed: 13749043907205987267

201 Sweebthomas the Poker (level 5, -5/50 HPs)
             Began as a Naga Fighter on Nov 11, 2021.
             Slain by a phantom (7 damage)
             ... on level 4 of the Dungeon.
             The game lasted 00:04:57 (2741 turns).

Sweebthomas the Poker (Naga Fighter)                Turns: 2741, Time: 00:04:57

Health: -5/50      AC:  4    Str: 19    XL:     5   Next: 79%
Magic:  5/5        EV:  8    Int:  9    God:
Gold:   107        SH:  4    Dex: 10    Spells: 4/4 levels left

rFire   . . .      SeeInvis +   d - +0 trident (protect)
rCold   . . .      Faith    .   c - +0 buckler
rNeg    . . .      Spirit   .   f - +0 ring mail
rPois   +          Reflect  .   (no helmet)
rElec   .          Harm     .   (no cloak)
rCorr   .          Rampage  .   (no gloves)
Will    .....                   (no barding)
Stlth   +.........              k - amulet of the acrobat
HPRegen 0.16/turn               (no ring)
MPRegen 0.09/turn               (no ring)

@: very slow
A: AC +1, large, see invisible, deformed body, poison resistance, slowness 2,
spit poison 1, naga tail 1
a: Spit Poison


You were on level 4 of the Dungeon.
You visited 1 branch of the dungeon, and saw 4 of its levels.

You collected 107 gold pieces.

Inventory:

Hand Weapons
 a - a +2 trident
 d - a +0 trident of protection (weapon)
Armour
 b - a +0 scale mail
 c - a +0 buckler (worn)
 f - a +0 ring mail (worn)
Jewellery
 k - an amulet of the acrobat (around neck)
Potions
 e - a potion of heal wounds {unknown}
 h - a potion of attraction {unknown}
 i - a potion of lignification {unknown}


   Skills:
 + Level 4.0 Fighting
 * Level 4.7 Polearms
 - Level 2.4 Armour
 + Level 0.1 Dodging
 + Level 0.6 Stealth
 * Level 2.8 Shields


You had 4 spell levels left.
You didn't know any spells.
Your spell library was empty.

Dungeon Overview and Level Annotations

Branches:
Dungeon (4/15)
 Temple: D:4-7

Altars:
Uskayaw


Innate Abilities, Weirdness & Mutations

Your serpentine skin is tough. (AC +1)
You have supernaturally acute eyesight. (SInv)
Armour fits poorly on your strangely shaped body.
Your system is resistant to poisons. (rPois)
You cover ground very slowly.
You can spit poison.
You have a snake-like lower body.


Message History

You miss the phantom.
The phantom is moderately damaged.
The phantom hits you.
* * * LOW HITPOINT WARNING * * *
The phantom blinks!
You blink.
The phantom misses you.
You hit the phantom.
The phantom is moderately damaged.
The phantom hits you but does no damage.
You closely miss the phantom.
The phantom is moderately damaged.
The phantom closely misses you.
You closely miss the phantom.
The phantom is moderately damaged.
You block the phantom's attack.
You barely miss the phantom.
The phantom is moderately damaged.
The phantom hits you.
* * * LOW HITPOINT WARNING * * *
The phantom blinks!
You blink.
The phantom barely misses you.
There is a stone staircase leading up, spattered with blood here.
You closely miss the phantom.
The phantom is moderately damaged.
The phantom closely misses you. The phantom hits you.
* * * LOW HITPOINT WARNING * * *
The phantom blinks!
You blink.
There is a stone staircase leading up, spattered with blood here.
You miss the phantom.
The phantom is moderately damaged.
The phantom barely misses you.
You closely miss the phantom.
The phantom is moderately damaged.
The phantom hits you!
* * * LOW HITPOINT WARNING * * *
The phantom blinks!
You blink.
You miss the phantom.
The phantom is moderately damaged.
The phantom hits you!
You die...

#. #. #. ## #. .
#.######## #. .#
.........# #.##.##
..######.###.#...#...
#..ยงยง...$W@.......
#.###.###......... ..
#.# ######.... ## #.#
... #.# . #.# ..# ###


You could see a phantom.

Vanquished Creatures
  An orc priest (D:3)
  Jessica (D:3)
  2 orc wizards (D:3)
  3 adders
  2 worms (D:2)
  3 dart slugs
  5 orcs (D:3)
  7 ball pythons
  4 bats
  An endoplasm (D:2)
  A giant cockroach (D:1)
  2 goblins (D:3)
  4 hobgoblins (D:2)
  2 jackals (D:1)
  3 quokkas
  2 frilled lizards
  8 kobolds
  6 rats
57 creatures vanquished.

Vanquished Creatures (others)
  2 plants (D:2)
2 creatures vanquished.

Grand Total: 59 creatures vanquished

Notes
Turn   | Place    | Note
-------+----------+-------------------------------------------
     0 | D:1      | Sweebthomas the Naga Fighter began the quest for the Orb.
     0 | D:1      | Reached XP level 1. HP: 21/21 MP: 1/1
   271 | D:1      | Reached XP level 2. HP: 28/28 MP: 2/2
   919 | D:2      | Reached XP level 3. HP: 34/34 MP: 3/3
  1691 | D:2      | Reached XP level 4. HP: 44/44 MP: 4/4
  1764 | D:2      | Found a hide-covered altar of Uskayaw.
  1890 | D:2      | Found a faded altar of an unknown god.
  2243 | D:3      | Reached XP level 5. HP: 23/50 MP: 5/5
  2474 | D:3      | Noticed Jessica
  2487 | D:3      | Killed Jessica
  2699 | D:3      | Noticed a phantom
  2740 | D:4      | HP: 2/50 [phantom (8)]
  2741 | D:4      | Slain by a phantom

Illustrated notes

Levels and vault maps discovered:
D:1:      scummos_arrival_simple_crosswalls, layout_loops_ring, serial_glass,
          glass_columns_b, glass_columns_a, hangedman_decor_slide_cut
D:2:      layout_loops_ring, basic_altar,
          hellmonk_ecumenical_altar_pennies_from_heaven, serial_forest,
          infiniplex_forest_clump_diagonal, infiniplex_forest_lined_3,
          infiniplex_forest_zigzag_2, infiniplex_forest_end_2,
          infiniplex_forest_clump_large
D:3:      layout_loops_cross, uniq_jessica
D:4:      layout_loops_ring, minmay_temple_entry_waves, uniq_eustachio,
          uniq_natasha

Skill      XL: |  1  2  3  4  5 |
---------------+----------------+-----
Polearms       | 3 4 |  4.7
Fighting       | 4 |  4.0
Armour         | |  2.4
Dodging        | |  0.1
Stealth        | |  0.6
Shields        | |  2.8

Action                   |  1- 3 |  4- 6 || total
-------------------------+-------+-------++-------
Melee: Trident           |   107 |    81 ||   188
 Abil: Spit Poison       |     6 |    11 ||    17
  Use: Scroll            |     3 |     2 ||     5
       Potion            |       |     1 ||     1
Armor: Scale mail        |    25 |     6 ||    31
       Ring mail         |       |    10 ||    10
Dodge: Dodged            |    28 |    26 ||    54
Block: Buckler           |    24 |     4 ||    28

Table legend: (Time is in decaauts)
 A = Elapsed time spent in this place.
 B = Non-inter-level travel time spent in this place.
 C = Inter-level travel time spent in this place.
 D = Time resting spent in this place.
 E = Time spent auto-exploring this place.
 F = Levels seen in this place.
 G = Mean time per level.
                   A        B        C        D        E       F      G
               +--------+--------+--------+--------+--------+-----+--------+
         Total |   3308 |   3249 |     59 |    727 |   1985 |   4 |  827.0 |
       Dungeon |   3308 |   3249 |     59 |    727 |   1985 |   4 |  827.0 |
               +--------+--------+--------+--------+--------+-----+--------+

Top non-repeatable levels by time:
     D:2: 1412 daAuts
     D:1: 1115 daAuts
     D:3: 755 daAuts
     D:4: 24 daAuts
